 Dungeon Crawl Stone Soup version 0.28.0-47-ge53b351184 (webtiles) character file.

Game seed: 13663742167451893371

44 Keeper01 the Skirmisher (level 3, -4/33 HPs)
             Began as a Hill Orc Fighter on May 10, 2022.
             Slain by a sky beast (6 damage)
             ... on level 4 of the Dungeon.
             The game lasted 00:08:45 (1130 turns).

Keeper01 the Skirmisher (Hill Orc Fighter)          Turns: 1130, Time: 00:08:46

Health: -4/33      AC:  8    Str: 20    XL:     3   Next: 62%
Magic:  3/3        EV:  9    Int:  8    God:
Gold:   53         SH:  4    Dex:  8    Spells: 2/2 levels left

rFire   + . .      SeeInvis .   a - +0 war axe
rCold   . . .      Faith    .   f - +0 buckler
rNeg    . . .      Spirit   .   b - +0 scale mail
rPois   .          Reflect  .   (no helmet)
rElec   .          Harm     .   (no cloak)
rCorr   .          Rampage  .   (no gloves)
Will    .....                   n - +0 pair of boots
Stlth   ..........              (no amulet)
HPRegen 0.11/turn               (no ring)
MPRegen 0.08/turn               (no ring)

@: no status effects
A: clumsy 1, fire resistance 1
a: no special abilities


You were on level 4 of the Dungeon.
You visited 1 branch of the dungeon, and saw 4 of its levels.

You collected 53 gold pieces.

Inventory:

Hand Weapons
 a - a +0 war axe (weapon)
 e - a +0 flail
 o - a +0 falchion
Armour
 b - a +0 scale mail (worn)
 c - a +0 buckler
 f - a +0 buckler (worn)
 n - a +0 pair of boots (worn)
Scrolls
 g - 2 scrolls of identify
 i - a scroll of silence
 j - a scroll of immolation
 l - a scroll of noise {unknown}
 m - a scroll of enchant weapon {unknown}
Potions
 d - a potion of might
 k - a potion of heal wounds {unknown}
 p - a potion of flight {unknown}


   Skills:
 + Level 4.1 Fighting
 + Level 3.6 Axes
 + Level 3.8 Armour
 + Level 3.6 Shields


You had 2 spell levels left.
You didn't know any spells.
Your spell library contained the following spells:

 Spells                   Type           Power      Damage    Failure   Level
 Beastly Appendage        Tmut           0%         N/A       85%         1
 Wereblood                Tmut           0%         N/A       94%         2
 Spider Form              Tmut/Pois      0%         N/A       99%         3


Dungeon Overview and Level Annotations

Branches:
Dungeon (4/15)
 Temple: D:4-7

Altars:


Innate Abilities, Weirdness & Mutations

You are clumsy. (Dex -2)
Your flesh is heat resistant. (rF+)


Message History

p - a silvery potion
Found a book of Flames.
A sky beast comes into view.
You now have 53 gold pieces (gained 9).
The sky beast flickers out of sight!
Deactivating autopickup; reactivate with Ctrl-A.
The frilled lizard hisses angrily.
A sky beast appears from thin air!
Reactivating autopickup.
The sky beast hits you but does no damage.
You hit the sky beast.
The sky beast is moderately wounded.
The sky beast closely misses you.
You barely miss the sky beast.
The sky beast is lightly wounded.
The sky beast closely misses you.
You slash the sky beast!
The sky beast is heavily wounded.
The sky beast flickers out of sight!
Deactivating autopickup; reactivate with Ctrl-A.
Something hits you. Something shocks you. Something hits you.
Something shocks you.
You miss something. Something hits you but does no damage.
You closely miss something.
Something hits you but does no damage. x2
You slash something! Something hits you but does no damage.
You barely miss something. Something hits you. Something shocks you.
You barely miss something. Something hits you but does no damage.
Something hits you.
* * * LOW HITPOINT WARNING * * *
Something shocks you.
* * * LOW HITPOINT WARNING * * *
Okay, then.
It was a potion of mutation.
You feel extremely strange.
You feel clumsy.
You feel resistant to heat. Something hits you but does no damage.
You closely miss something. Something hits you but does no damage.
You miss something. Something hits you.
* * * LOW HITPOINT WARNING * * *
Something shocks you.
You die...

#)...##.......#..#
#####.#...........#..#
...>......##.#.......#
..#............(..#.##
..#.....#.....#...#.#
..........##.##...# #
##......#.######.##
#.#.####.##..##{.+
#... #.#.≈≈l#@.# ####
#.##≈.##..# ..### #..#
... #..# .## ##.# .#
.# .#


You could see a frilled lizard.

Vanquished Creatures
  A gnoll (D:1)
  A worm (D:3)
  3 dart slugs
  3 endoplasms
  A giant cockroach (D:1)
  2 goblins
  4 hobgoblins
  2 quokkas (D:1)
  A ball python (D:1)
  A bat (D:1)
  A frilled lizard (D:1)
  3 kobolds
  A rat (D:1)
24 creatures vanquished.

Vanquished Creatures (others)
  9 fungi (D:4)
9 creatures vanquished.

Grand Total: 33 creatures vanquished

Notes
Turn   | Place    | Note
-------+----------+-------------------------------------------
     0 | D:1      | Keeper01 the Hill Orc Fighter began the quest for the Orb.
     0 | D:1      | Reached XP level 1. HP: 19/19 MP: 1/1
    76 | D:1      | Reached XP level 2. HP: 18/27 MP: 2/2
   275 | D:1      | Reached skill level 4 in Fighting
   369 | D:1      | Reached XP level 3. HP: 29/33 MP: 3/3
  1106 | D:4      | Noticed a sky beast
  1127 | D:4      | Gained mutation: You are clumsy. (Dex -2) [potion of
                  | mutation]
  1127 | D:4      | Gained mutation: Your flesh is heat resistant. (rF+)
                  | [potion of mutation]
  1130 | D:4      | Slain by a sky beast

Illustrated notes

Levels and vault maps discovered:
D:1:      erik_arrival_orb_chamber, layout_basic
D:2:      layout_loops_ring, hangedman_abyss_or_decor_stabs,
          chequers_serial_rivers_room_b, uniq_crazy_yiuf_cottage
D:3:      minmay_evil_eye, layout_loops_cross,
          dreamdust_ecumenical_altar_hidden_monk_grotto
D:4:      layout_rooms, serial_aquarium, aquarium_bridge_square
          [aquarium_subvault_bridge, aquarium_subvault_wall,
          aquarium_subvault_bridge, aquarium_subvault_bridge],
          aquarium_window_2, aquarium_window_corridor_1, aquarium_window_fake,
          aquarium_view_2d, aquarium_pool_S

Skill      XL: |  1  2 |
---------------+-------+-----
Axes           | 3 |  3.6
Fighting       | 4 |  4.1
Armour         | |  3.8
Shields        | |  3.6

Action                   || total
-------------------------++-------
Melee: War axe           ||    82
  Use: Scroll            ||     2
       Potion            ||     1
Armor: Scale mail        ||    43
Dodge: Dodged            ||    42
Block: Buckler           ||    22
